 Dungeon Crawl Stone Soup version 0.25.0-3-gd7cc5688da (webtiles) character file.

Game seed: 14645053497034564101

379 nikku the Conjurer (level 6, -5/36 HPs)
             Began as a Deep Elf Conjurer on June 15, 2020.
             Slain by Pikel
             ... wielding a +0 whip of electrocution
              (12 damage)
             ... on level 4 of the Dungeon.
             The game lasted 00:09:26 (3318 turns).

nikku the Conjurer (Deep Elf Conjurer)              Turns: 3318, Time: 00:09:27

Health: -5/36      AC:  3    Str:  5    XL:     6   Next: 45%
Magic:  5/16       EV: 13    Int: 22    God:
Gold:   155        SH:  0    Dex: 15    Spells: 4/15 levels left

rFire    . . .     SeeInvis .   l - -1 war axe (curse)
rCold    . . .     Gourm    .   (no shield)
rNeg     . . .     Faith    .   a - +0 robe
rPois    .         Spirit   .   (no helmet)
rElec    .         Reflect  .   b - +0 cloak
rCorr    .         Harm     .   (no gloves)
MR       .....                  (no boots)
Stlth    ++........             (no amulet)
HPRegen  0.12/turn              (no ring)
MPRegen  0.15/turn              (no ring)

@: no status effects
A: no striking features
a: no special abilities


You were on level 4 of the Dungeon.
You were not hungry.

You visited 1 branch of the dungeon, and saw 4 of its levels.

You collected 155 gold pieces.

Inventory:

Hand Weapons
 g - a +0 short sword
 l - a cursed -1 war axe (weapon)
Missiles
 i - 42 poisoned darts (quivered)
Armour
 a - a +0 robe (worn)
 b - a +0 cloak (worn)
 d - a +2 tower shield
Scrolls
 e - a scroll of teleportation
Potions
 h - a potion of magic
 j - a potion of resistance {unknown}
 k - a potion of might {unknown}
 m - 3 potions of heal wounds
 n - a potion of stabbing {unknown}
 o - a potion of haste {unknown}
 p - a potion of degeneration {unknown}
Comestibles
 c - 4 rations


   Skills:
 + Level 2.6 Fighting
 - Level 2.4 Dodging
 - Level 2.4 Stealth
 + Level 5.4 Spellcasting
 + Level 5.7 Conjurations
 + Level 2.3 Hexes
 + Level 1.8 Translocations


You had 4 spell levels left.
You knew the following spells:

 Your Spells              Type           Power        Failure   Level  Hunger
a - Magic Dart            Conj           ####         1%          1    None
b - Searing Ray           Conj           ####..       1%          2    None
c - Iskenderun's Mystic   Conj/Tloc      ###.....     21%         4    ####...
d - Fulminant Prism       Conj/Hex       ###.......   19%         4    ####...

Your spell library contained the following spells:

 Spells                   Type           Power        Failure   Level  Hunger
 Dazzling Flash           Conj/Hex       ###...       5%          3    ##.....


Dungeon Overview and Level Annotations

Branches:
Dungeon (4/15)
 Temple: D:4-7

Altars:
Trog

Annotations:
D:4 Pikel


Message History

* * * LOW HITPOINT WARNING * * *
The searing ray hits Pikel!
Pikel is severely wounded.
The searing ray misses the slave.
The searing ray hits the slave.
The slave is moderately wounded.
You finish channeling your searing ray.
Pikel hits you but does no damage.
Casting: Searing Ray (safe; 1% risk of failure)
Confirm with . or Enter, or press ? or * to list all spells.
Aiming: Searing Ray (safe; 1% risk of failure)
Press: ? - help, Shift-Dir - straight line, f - Pikel
Aim: Pikel, wielding a +0 whip of electrocution and wearing a +0 robe (severely wounded)
The searing ray hits Pikel.
Pikel is almost dead.
The searing ray hits the slave!
The slave is severely wounded. (Press . to maintain the ray.) Pikel hits you with a +0 whip of electrocution.
* * * LOW HITPOINT WARNING * * *
You are electrocuted!
You die...

#. #. #.## ..#
####.###
#......#
#...<..# .
#.##.#.####...#
#. #!..@Kppp#
......##.######
###.#. #.# #...
..# #......#
##.#### #. #


You could see Pikel and 3 slaves.

Vanquished Creatures
  Grinder (D:3)
  A slave (D:4)
  Robin (D:2)
  6 adders
  An ooze (D:3)
  3 worms
  4 dart slugs
  3 leopard geckos
  2 orcs (D:3)
  A ball python (D:3)
  5 bats
  2 giant cockroaches
  18 goblins
  10 hobgoblins
  4 jackals (D:3)
  8 kobolds
  A quokka (D:2)
  4 frilled lizards
  8 rats
83 creatures vanquished.

Notes
Turn   | Place    | Note
-------+----------+-------------------------------------------
     0 | D:1      | nikku the Deep Elf Conjurer began the quest for the Orb.
     0 | D:1      | Reached XP level 1. HP: 10/10 MP: 6/6
   276 | D:1      | Reached XP level 2. HP: 16/16 MP: 6/8
   871 | D:2      | Reached skill level 1 in Fighting
   886 | D:2      | Reached XP level 3. HP: 20/20 MP: 3/10
   890 | D:2      | Learned a level 2 spell: Searing Ray
  1105 | D:2      | Found a bloodstained altar of Trog.
  1353 | D:2      | Reached skill level 5 in Conjurations
  1502 | D:2      | Reached XP level 4. HP: 24/25 MP: 3/12
  1577 | D:2      | Learned a level 4 spell: Iskenderun's Mystic Blast
  1582 | D:2      | Learned a level 4 spell: Fulminant Prism
  1614 | D:2      | Found a faded altar of an unknown god.
  1688 | D:2      | Noticed Robin
  1692 | D:2      | Killed Robin
  2347 | D:3      | Reached XP level 5. HP: 30/30 MP: 10/14
  2535 | D:3      | Noticed Grinder
  2541 | D:3      | Killed Grinder
  2541 | D:3      | Reached skill level 5 in Spellcasting
  2541 | D:3      | Reached skill level 1 in Translocations
  2541 | D:3      | Reached XP level 6. HP: 19/36 MP: 6/16
  3305 | D:4      | Noticed a slave
  3305 | D:4      | Noticed a slave
  3306 | D:4      | Noticed Pikel
  3307 | D:4      | Noticed a slave
  3309 | D:4      | Noticed a slave
  3314 | D:4      | Killed a slave
  3318 | D:4      | Slain by Pikel

Illustrated notes

Levels and vault maps discovered:
D:1:      enne_arrival_octagon_isle, layout_loops_ring
D:2:      layout_rooms, lightli_temple_of_fire,
          chequers_ecumenical_altar_island, uniq_robin
D:3:      layout_basic, uniq_grinder
D:4:      layout_loops_cross, lemuel_round_altar, old_standard_altar,
          lemuel_doored_altar, minmay_temple_entry_poolview, first_ration,
          uniq_pikel, uniq_sigmund

Skill      XL: |  1  2  3  4  5 |
---------------+----------------+-----
Fighting       | 1 2 |  2.6
Spellcasting   | 4 5 |  5.4
Conjurations   | 5 |  5.7
Hexes          | 2 |  2.3
Translocations | 1 |  1.8
Dodging        | |  2.4
Stealth        | |  2.4

Action                   |  1- 3 |  4- 6 || total
-------------------------+-------+-------++-------
 Cast: Magic Dart        |    64 |    70 ||   134
       Searing Ray       |     6 |    11 ||    17
  Use: Scroll            |     2 |     7 ||     9
  Eat: Chunk             |     2 |     4 ||     6
       Ration            |       |     1 ||     1
Armor: Robe              |     1 |     5 ||     6
Dodge: Dodged            |     8 |    14 ||    22
